Unix NetHack Version 5.0.0-0 post-release - last build May 10 2026 23:12:36 (d1fa5d53e341ca933230fdaa984d921c805b60aa,branch:main).

Game began 2026-05-15 18:24:50, ended 2026-05-15 20:26:28.

ArrBianca, lawful female dwarven Archeologist

                                             ----                      ----
              *                              |..--  --            $    |..|
        $                   ------------------...----.-----  ---- $  $ |@.|
             $$             -.............).).....||......---...|      |'.|
                               --------..---......|--...........|      |..| *
                                      |..|--......| ---........-|      |..|
                                      --.--.......--- |..^......-     -|).|
                                       |............----.....0|....   .|:.|
                                 $ $   --........*....---.....------  -..--
                                   $    |!..---..---)..|---....|     -...|
                                        --..| |..|--...## |-..-----  |.|.|
       * )                               ---- -.--|.....#--...--..|  |.|.|
 $                          )                 ..- --..-#..........----...|
                                              ..   ----|............|..|.-
                    $    *        *          -.|       |-..))...)(<)..-|..
 $*                                          --    --- |.....---.|...----..-
    $                                              |..--...).| ----..|   ...
                                                   |........--    ----    ..|
                                     $             |.....|..|             ..|
                                 $        $        ----.-----        *    ---
                                                      ---
ArrBianca the Field Worker  St:11 Dx:7 Co:16 In:16 Wi:16 Ch:10  Lawful
Dlvl:7  $:0  HP:0(36) Pw:5(15) AC:9  Xp:5 T:2641 

Latest messages:
 You descend the stairs.
 The gold golem hits!
 The gold golem hits again!
 Are you sure you want to pray? [yn] (n) y
 You begin praying to Quetzalcoatl.
 You are surrounded by a shimmering light.
 The gold golem starts to attack you, but pulls back.
 The gold golem starts to attack you, but pulls back.
 The gold golem starts to attack you, but pulls back.
 You finish your prayer.
 You feel that Quetzalcoatl is well-pleased.
 In what direction? h
 The dart hits the gold golem.
 In what direction? h
 The dart hits the gold golem.
 You lash the gold golem.
 The gold golem hits!
 The gold golem hits again!
 In what direction? .
 You feel better.
 In what direction? j
 The dart misses the gold golem.
 In what direction? <esc>
 In what direction? j
 The dart hits the gold golem.
 In what direction? <esc>
 What do you want to zap? [LM or ?*] L
 You don't find anything.
 The gold golem hits!
 The gold golem hits again!
 What do you want to zap? [LM or ?*] M
 In what direction? j
 The sleep ray hits the gold golem.
 The sleep ray hits the lizard.
 The gold golem hits!
 The gold golem hits again!
 You lash the gold golem.
 The gold golem hits!
 The gold golem hits again!
 What do you want to drink? [lr or ?*] l
 This tastes like water.
 The gold golem hits!
 The gold golem hits again!
 What do you want to drink? [lr or ?*] r
 You detect the presence of objects.
 (For instructions type a '?')
 Done.
 The gold golem hits!
 You die...
 Do you want an account of creatures vanquished? [ynaq] (y) q

Inventory:
 Amulets  ('"')
  E - an uncursed amulet of unchanging (being worn)
 Weapons  (')')
  n - 2 blessed +1 darts (at the ready)
  a - a +2 bullwhip (weapon in right hand)
 Armor    ('[')
  c - an uncursed burnt +0 fedora (being worn)
  b - an uncursed +0 leather jacket (being worn)
 Comestibles  ('%')
  d - 4 uncursed food rations
  R - an uncursed lichen corpse
 Scrolls  ('?')
  K - a cursed scroll of enchant armor
  q - an uncursed scroll of identify
  P - a cursed scroll of identify
 Potions  ('!')
  l - an uncursed potion of water
 Wands    ('/')
  L - a wand of secret door detection (0:14)
  M - a wand of sleep (0:3)
 Tools    ('(')
  h - an uncursed sack containing 9 items
  I - an uncursed brass lantern
  e - a +0 pick-axe (alternate weapon; not wielded)
  J - an uncursed skeleton key
  Q - an uncursed tin opener
  f - a tinning kit (0:87)
  A - an uncursed towel
 Gems/Stones  ('*')
  g - an uncursed touchstone

Contents of the sack:
  an uncursed tin of coyote meat
  3 uncursed tins of jackal meat
  an uncursed tin of large kobold meat
  2 uncursed lichen corpses
  an uncursed scroll of fire
  an uncursed scroll of light
  an uncursed novel named I Shall Wear Midnight
  an uncursed bell
  an uncursed worthless piece of green glass

ArrBianca the Archeologist's attributes:

Background:
 You were a Field Worker, a level 5 female dwarven Archeologist.
 You were lawful, on a mission for Quetzalcoatl
 who was opposed by Camaxtli (neutral) and Huhetotl (chaotic).
 You were right-handed.
 You were in the Gnomish Mines, on level 7.
 You entered the dungeon 2641 turns ago.
 You had 178 experience points, 142 more were needed to attain level 6.

Basics:
 You had 0 out of 36 hit points.
 You had 5 out of 15 energy points (spell power).
 Your armor class was 9.
 Your wallet was empty.
 Autopickup was on for '$?!/="+%' plus thrown, with exceptions.

Final Characteristics:
 Your strength was 11 (limit:18/100).
 Your dexterity was 7 (limit:20).
 Your constitution was 16 (limit:20).
 Your intelligence was 16 (limit:16).
 Your wisdom was 16 (limit:16).
 Your charisma was 10 (limit:16).

Final Status:
 You weren't hungry.
 You were unencumbered.
 You were wielding a whip.
 You had basic skill with whip.

Final Attributes:
 You were piously aligned.
 You had automatic searching.
 You had infravision.
 You were stealthy.
 You couldn't change from your current form.
 You were lucky.
 You are dead.

Miscellaneous:
 You didn't encounter any bones levels.
 Total elapsed playing time was 32 minutes and 15 seconds.

Major events:
 Turn
    1: ArrBianca the lawful female dwarven Archeologist entered the dungeon
  598: entered the Gnomish Mines
 1171: attained the rank of Field Worker (level 3)
 1850: reached Mine Town
 2001: read a Discworld novel
 2641: killed by a gold golem

Spells:
 Name                 Level Category     Fail Retention
 healing                1   healing        0%  76%-100%
 detect treasure        4   divination   100%  76%-100%

Skills:
 Fighting Skills
   bare handed combat [Unskilled]
   two weapon combat  [Unskilled]
   riding             [Unskilled]
 Weapon Skills
   dagger             [Unskilled]
   knife              [Unskilled]
   pick-axe           [Basic]
   short sword        [Unskilled]
   saber              [Unskilled]
   club               [Unskilled]
   quarterstaff       [Unskilled]
   sling              [Unskilled]
   dart               [Unskilled]
   boomerang          [Unskilled]
   whip               [Basic]
   unicorn horn       [Unskilled]
 Spellcasting Skills
   attack spells      [Unskilled]
   healing spells     [Unskilled]
   divination spells  [Unskilled]
   matter spells      [Unskilled]

Voluntary challenges:
 Character rerolling was not enabled.
 You never had a pet.
 You never genocided any monsters.
 You never polymorphed an object.
 You never changed form.
 You used no wishes.
Achievements:
 You entered a shop.
 You entered the Gnomish Mines.
 You attained the rank of Field Worker.
 You entered Minetown.
 You entered a temple.
 You read from a Discworld novel.

 The Dungeons of Doom: levels 1 to 2
    Level 1:
       A fountain, a grave.
    Level 2:
       An armor shop, a fountain.
       Stairs down to The Gnomish Mines.
 The Gnomish Mines: levels 3 to 7
    Level 3:
    Level 4:
    Level 5:
    Level 6:
       Many shops, a temple and an altar, some fountains.
    Level 7: <- You were here.
       Final resting place for
          you, killed by a gold golem.


Vanquished creatures:
  a leprechaun
 an Uruk-hai
  a fog cloud
  a homunculus
 an iguana
 an acid blob
  a coyote
  a gas spore
  a large kobold
  2 green molds
  2 gnomes
  6 jackals
  a fox
  a kobold
  2 goblins
  a sewer rat
  6 grid bugs
  3 lichens
  a newt
34 creatures vanquished.

No species were genocided or became extinct.

Game over:
                       ----------
                      /          \
                     /    REST    \
                    /      IN      \
                   /     PEACE      \
                  /                  \
                  |    ArrBianca     |
                  |       0 Au       |
                  | killed by a gold |
                  |      golem       |
                  |                  |
                  |                  |
                  |       2026       |
                 *|     *  *  *      | *
        _________)/\\_//(\/(/\)/\//\/|_)_______

Goodbye ArrBianca the Archeologist...

You died in The Gnomish Mines on dungeon level 7 with 1062 points,
and 0 pieces of gold, after 2641 moves.
You were level 5 with a maximum of 36 hit points when you died.

